Map: Beckett Industries LE

Players

Player 2 - Winner!

  • Race: Zerg Zerg

TLHarstem (Harstem)

  • Race: Protoss Protoss
  • League: Master

VOD

https://www.youtube.com/watch?v=JwY5FB9AJfc&ab_channel=Harstem

Description

Time

  • Played on: April 12, 2021, 3:18 a.m.
  • Length: 8:37
Show
View Real Time Build Order
Export as new Build Order

Player 2 Zerg - Winner!

Build Orders: Pool First 

Get SALT Encoding   

  12  0:01  Drone  
  13  0:12  Overlord  
  13  0:17  Drone  
  14  0:34  Spawning Pool  
  13  0:36  Drone  
  13  0:40  Extractor  
  13  0:44  Drone  
  14  0:51  Overlord  
  14  1:21  Queen, Zergling x2  
  17  1:29  Roach Warren  
  17  1:32  Drone  
  17  1:36  Extractor  
  16  1:40  Zergling x2, Drone  
  18  1:53  Drone  
  19  2:00  Zergling x2  
  20  2:04  Drone  
  21  2:15  Drone  
  22  2:26  Drone  
  22  2:28  Overlord  
  23  2:33  Drone  
  24  2:40  Drone  
  25  5:53  Lair, Drone  
  26  5:59  Zergling x2  
  26  6:00  Drone  
  27  6:08  Drone  
  28  6:15  Drone  
  28  6:16  Overlord  
  29  6:22  Drone  
  30  6:32  Zergling x2  
  29  6:50  Overseer  
  29  6:54  Spire, Overseer, Drone  
  29  6:57  Zergling x2  
  30  7:16  Hatchery, Drone  
  30  8:08  Mutalisk  
Show
View Real Time Build Order
Export as new Build Order

TLHarstem Protoss 

Build Orders: 1 Gate Expand, Blink Stalkers, Zealot Archon, Colossus Rush 

Get SALT Encoding   

  12  0:00  Probe  
  13  0:12  Probe  
  14  0:17  Pylon  
  14  0:24  Probe  
  15  0:36  Probe, Gateway  
  16  0:48  Probe  
  17  1:08  Nexus  
  17  1:13  Assimilator  
  17  1:15  Probe  
  18  1:25  Cybernetics Core  
  18  1:30  Probe (Chrono Boost)  
  19  1:41  Pylon  
  19  1:42  Probe (Chrono Boost)  
  19  1:46  Assimilator  
  20  1:49  Probe (Chrono Boost)  
  21  1:56  Probe  
  21  1:59  Adept (Chrono Boost)  
  22  2:07  Warp Gate  
  24  2:08  Probe  
  25  2:20  Probe (Chrono Boost)  
  25  2:21  Stalker  
  29  2:25  Probe (Chrono Boost)  
  30  2:31  Probe (Chrono Boost)  
  30  2:35  Probe (Chrono Boost)  
  30  2:36  Probe (Chrono Boost)  
  31  2:40  Twilight Council  
  32  2:44  Probe  
  32  2:46  Probe  
  34  2:57  Probe  
  35  2:58  Probe  
  35  2:59  Gateway  
  36  3:09  Probe  
  36  3:10  Probe  
  38  3:14  Robotics Facility  
  38  3:15  Blink (Chrono Boost)  
  38  3:21  Probe  
  38  3:23  Probe  
  40  3:31  Pylon  
  40  3:33  Probe  
  41  3:35  Probe  
  41  3:39  Assimilator  
  41  3:41  Assimilator  
  42  3:45  Probe  
  42  3:47  Probe  
  44  3:52  Pylon  
  44  3:54  Stalker  
  44  3:55  Stalker  
  48  3:57  Probe  
  48  4:00  Probe  
  48  4:02  Observer  
  51  4:03  Pylon  
  51  4:09  Probe  
  52  4:12  Probe  
  52  4:16  Robotics Bay  
  53  4:21  Stalker  
  53  4:23  Probe  
  56  4:27  Nexus  
  56  4:30  Observer  
  56  4:31  Probe  
  58  4:34  Stalker  
  58  4:35  Probe  
  61  4:43  Probe  
  62  4:45  Gateway  
  62  4:48  Probe  
  62  4:49  Pylon  
  62  4:52  Observer (Chrono Boost)  
  64  4:55  Probe  
  65  5:00  Probe  
  66  5:09  Colossus (Chrono Boost)  
  66  5:11  Forge  
  66  5:12  Probe (Chrono Boost), Extended Thermal Lance  
  66  5:13  Probe (Chrono Boost)  
  74  5:22  Charge  
  74  5:24  Probe (Chrono Boost)  
  74  5:25  Pylon  
  74  5:26  Probe (Chrono Boost)  
  76  5:30  Probe (Chrono Boost)  
  76  5:31  Probe (Chrono Boost)  
  78  5:36  Gateway  
  78  5:38  Gateway  
  78  5:39  Probe  
  78  5:40  Probe  
  81  5:48  Protoss Ground Weapons Level 1 (Chrono Boost)  
  80  5:50  Colossus (Chrono Boost)  
  80  5:54  Gateway  
  86  5:57  Zealot  
  86  6:01  Shield Battery  
  86  6:02  Sentry, Zealot  
  92  6:05  Pylon  
  90  6:11  Probe  
  90  6:12  Probe  
  90  6:16  Pylon  
  90  6:17  Zealot  
  94  6:24  Stalker, Pylon  
  97  6:28  Pylon  
  97  6:29  Colossus (Chrono Boost)  
  102  6:36  Gateway  
  102  6:38  Gateway  
  102  6:40  Probe  
  102  6:42  Assimilator, Zealot x2  
  102  6:43  Zealot  
  109  6:49  Probe  
  109  6:51  Templar Archives  
  109  6:52  Zealot x2  
  114  6:57  Pylon  
  114  6:59  Zealot  
  117  7:01  Probe  
  117  7:03  Zealot  
  117  7:04  Zealot x2  
  117  7:07  Pylon  
  123  7:11  Pylon  
  123  7:14  Warp Prism (Chrono Boost)  
  125  7:19  Zealot x2  
  129  7:22  Pylon  
  129  7:26  Pylon  
  129  7:27  Zealot  
  129  7:28  Zealot  
  129  7:29  High Templar x2  
  137  7:33  Archon, High Templar x2  
  141  7:38  Archon  
  141  7:39  Zealot x2  
  145  7:49  Zealot x2  
  149  7:59  Zealot  
  149  8:00  Zealot  
  149  8:03  Nexus  
  149  8:04  Zealot x2, Pylon  
  157  8:06  High Templar x2  
  157  8:11  Archon  
  161  8:13  Zealot x2  
  161  8:19  Probe  
  166  8:25  Stalker x4  
  174  8:33  Pylon  
Tags
 
Add a new tag
Caveats
  • Supply blocks, unpowered buildings, or Contaminate may cause inaccurate times.
  • Supply counts are checked every 10 seconds.